 Dungeon Crawl Stone Soup version 0.29-a0-823-gc37b1572da (webtiles) character file.

Game seed: 7869186286433198067

312 IdlyInterested the Twirler (level 6, -6/47 HPs)
             Began as a Demonspawn Gladiator on July 8, 2022.
             Mangled by an orc
             ... wielding a +0 trident
              (7 damage)
             ... on level 4 of the Dungeon.
             The game lasted 00:06:33 (3268 turns).

IdlyInterested the Twirler (Demonspawn Gladiator)   Turns: 3268, Time: 00:06:34

Health: -6/47      AC:  6    Str: 16    XL:     6   Next: 18%
Magic:  6/6        EV: 13    Int:  9    God:
Gold:   143        SH:  0    Dex: 23    Spells: 5/5 levels left

rFire   . . .      SeeInvis +   a - +1 quarterstaff
rCold   . . .      Faith    .   (shield currently unavailable)
rNeg    . . .      Spirit   .   p - +1 leather armour {rPois}
rPois   +          Reflect  .   c - +0 helmet
rElec   .          Harm     .   n - scarf {shadows}
rCorr   .          Rampage  .   (no gloves)
Will    .....                   o - +0 pair of boots
Stlth   +++.......              (no amulet)
HPRegen 0.15/turn               g - +6 ring of dexterity
MPRegen 0.20/turn               k - ring of see invisible

@: lethally poisoned (-6 -> -11)
A: thin skeletal structure 1, magic regeneration
a: no special abilities


You were on level 4 of the Dungeon.
You visited 1 branch of the dungeon, and saw 4 of its levels.

You collected 143 gold pieces.

Inventory:

Hand Weapons
 a - a +1 quarterstaff (weapon)
 s - a +0 trident
Missiles
 d - 3 throwing nets (quivered)
 e - a javelin
Armour
 c - a +0 helmet (worn)
 n - a scarf of shadows (worn)
 o - a +0 pair of boots (worn)
 p - a +1 leather armour of poison resistance (worn)
 t - a +0 plate armour
Jewellery
 g - a +6 ring of dexterity (left hand)
 j - a ring of flight
 k - a ring of see invisible (right hand)
Scrolls
 b - a scroll of magic mapping {unknown}
 h - 2 scrolls of identify
 r - a scroll of poison
Potions
 f - a potion of haste
 i - a potion of brilliance
 q - a potion of lignification


   Skills:
 - Level 3.0 Fighting
 + Level 4.9 Staves
 - Level 1.7 Throwing
 - Level 3.0 Armour
 - Level 3.0 Dodging


You had 5 spell levels left.
You didn't know any spells.
Your spell library contained the following spells:

 Spells                   Type           Power      Damage    Failure   Level
 Magic Dart               Conj           0%         1d3       43%         1
 Call Imp                 Summ           0%         N/A       58%         2
 Mephitic Cloud           Conj/Pois/Air  0%         N/A       82%         3


Dungeon Overview and Level Annotations

Branches:
Dungeon (4/15)
 Temple: D:4-7

Altars:
Ashenzari
Vehumet


Innate Abilities, Weirdness & Mutations

You have a somewhat thin skeletal structure. (Dex +2, Stealth+)
You regenerate magic rapidly.


Message History

The scorpion is heavily wounded.
The orc hits you from afar with a +0 trident.
* * * LOW HITPOINT WARNING * * *
The scorpion stings you but does no damage.
You completely miss the scorpion.
The scorpion is heavily wounded.
The orc closely misses you.
The scorpion stings you but does no damage.
You hit the scorpion.
The scorpion is heavily wounded.
The scorpion misses you. The orc hits you but does no damage.
The scorpion closely misses you.
The orc hits you from afar with a +0 trident.
* * * LOW HITPOINT WARNING * * *
You thump the scorpion!
The scorpion is almost dead.
The scorpion stings you but does no damage.
The orc closely misses you.
You closely miss the scorpion.
The scorpion is almost dead.
The scorpion stings you.
* * * LOW HITPOINT WARNING * * *
You are lethally poisoned!
The scorpion poisons you! The orc misses you.
You hit the scorpion.
You kill the scorpion!
* * * LOW HITPOINT WARNING * * *
You feel very sick. The orc closely misses you.
Training target 3.0 for Dodging reached!
Your Dodging skill increases to level 3!
You have reached level 6!
* * * LOW HITPOINT WARNING * * *
You feel sick. The orc completely misses you.
Things that are here:
a +0 short sword; a scorpion corpse You closely miss the orc.
* * * LOW HITPOINT WARNING * * *
You feel sick. The orc hits you with a +0 trident!
You die...

###......#####.#..#
#......# ..##....##
#.##..†###.##.#.###
#......#..##.##.#...#
#.#.#####..#..#.###.#
....# ##.)....# #.#
#..## ####...# #.# .#
#......###.# ..
#[###.o@.#.#### # #.#
##.#....... # #.#
#.########## .. . #..
#...# #........ ..
### .###.###..# ..#
## ..##s....###.## .
........$..#...#. .
...........)._...
#.....#.#..#...#


You could see an orc.

Vanquished Creatures
  A phantom (D:4)
  A bullfrog (D:4)
  A scorpion (D:4)
  An orc priest (D:4)
  An adder (D:4)
  4 worms
  4 dart slugs
  3 orcs (D:4)
  4 ball pythons
  2 endoplasms
  A giant cockroach (D:1)
  7 goblins
  9 hobgoblins
  A quokka (D:1)
  2 bats
  4 frilled lizards
  2 kobolds
  5 rats
  A spectral hobgoblin (D:1)
54 creatures vanquished.

Notes
Turn   | Place    | Note
-------+----------+-------------------------------------------
     0 | D:1      | IdlyInterested the Demonspawn Gladiator began the quest for
                  | the Orb.
     0 | D:1      | Reached XP level 1. HP: 16/16 MP: 1/1
   243 | D:1      | Reached skill level 3 in Staves
   243 | D:1      | Gained mutation: You regenerate magic rapidly. [demonic
                  | ancestry]
   243 | D:1      | Reached XP level 2. HP: 23/23 MP: 2/2
   386 | D:1      | Found a faded altar of an unknown god.
  1471 | D:2      | Reached XP level 3. HP: 21/28 MP: 3/3
  2594 | D:4      | Noticed a phantom
  2610 | D:4      | Killed a phantom
  2611 | D:4      | Reached skill level 4 in Staves
  2611 | D:4      | Reached skill level 1 in Armour
  2611 | D:4      | Reached XP level 4. HP: 28/35 MP: 4/4
  2673 | D:4      | Found a broken altar of Ashenzari.
  2674 | D:4      | Noticed a bullfrog
  2688 | D:4      | Killed a bullfrog
  2689 | D:4      | Gained mutation: You have a somewhat thin skeletal
                  | structure. (Dex +2, Stealth+) [demonic ancestry]
  2689 | D:4      | Reached XP level 5. HP: 8/41 MP: 5/5
  2691 | D:4      | HP: 2/41 [worm (6)]
  3226 | D:4      | Found a radiant altar of Vehumet.
  3267 | D:4      | Reached XP level 6. HP: 4/47 MP: 6/6
  3267 | D:4      | HP: 2/47 [poisoned by a scorpion]
  3268 | D:4      | Mangled by an orc

Illustrated notes

Levels and vault maps discovered:
D:1:      dpeg_arrival_round_c, layout_rooms,
          dreamdust_ecumenical_altar_drowned_temple, corexii_leaking_fountain,
          st_stairs_5
D:2:      layout_basic
D:3:      layout_basic
D:4:      layout_rooms, mainiacjoe_overflow_small_starburst, vehumet_crystals,
          nicolae_elevator_lobby_asterisk

Skill      XL: |  1  2  3  4  5 |
---------------+----------------+-----
Staves         | 3 4 |  4.9
Fighting       | 3 |  3.0
Armour         | 1 2 3 |  3.0
Dodging        | 3 |  3.0
Throwing       | |  1.7

Action                   |  1- 3 |  4- 6 || total
-------------------------+-------+-------++-------
Melee: Quarterstaff      |   101 |    74 ||   175
  Use: Potion            |     3 |     2 ||     5
       Scroll            |     8 |       ||     8
 Stab: Sleeping          |     2 |     4 ||     6
Armor: Leather armour    |    19 |    27 ||    46
       Chain mail        |    14 |       ||    14
Dodge: Dodged            |    57 |    44 ||   101

Table legend: (Time is in decaauts)
 A = Elapsed time spent in this place.
 B = Non-inter-level travel time spent in this place.
 C = Inter-level travel time spent in this place.
 D = Time resting spent in this place.
 E = Time spent auto-exploring this place.
 F = Levels seen in this place.
 G = Mean time per level.
                   A        B        C        D        E       F      G
               +--------+--------+--------+--------+--------+-----+--------+
         Total |   3275 |   3163 |    112 |    511 |   2081 |   4 |  818.8 |
       Dungeon |   3275 |   3163 |    112 |    511 |   2081 |   4 |  818.8 |
               +--------+--------+--------+--------+--------+-----+--------+

Top non-repeatable levels by time:
     D:2: 1300 daAuts
     D:4: 720 daAuts
     D:1: 648 daAuts
     D:3: 607 daAuts
